 Dungeon Crawl Stone Soup version 0.28.0-62-gf88900778d (webtiles) character file.

Game seed: 13923936135421720389

15799 cbfl8 the Severer (level 12, -8/101 HPs)
             Began as a Minotaur Berserker on July 2, 2023.
             Was a High Priest of Trog.
             Shot with a bolt by a yaktaur (11 damage)
             ... on level 13 of the Dungeon.
             The game lasted 00:16:37 (16945 turns).

cbfl8 the Severer (Minotaur Berserker)             Turns: 16945, Time: 00:16:37

Health: -8/101     AC: 16    Str: 22    XL:     12   Next: 4%
Magic:  11/11      EV:  8    Int:  4    God:    Trog [*****.]
Gold:   180        SH:  8    Dex: 15    Spells: 11/11 levels left

rFire   + . .      SeeInvis .   z - +2 war axe (elec)
rCold   + . .      Faith    .   E - +0 kite shield
rNeg    . . .      Spirit   .   j - +2 chain mail {rC+}
rPois   .          Reflect  .   (helmet restricted)
rElec   .          Harm     .   M - scarf {+Inv}
rCorr   .          Rampage  .   (no gloves)
Will    +....                   b - +0 pair of boots
Stlth   ..........              B - amulet of regeneration
HPRegen 1.06/turn               y - ring of willpower
MPRegen 0.12/turn               g - ring of protection from fire

@: no status effects
A: horns 2, retaliatory headbutt
a: Renounce Religion, Evoke Invisibility, Berserk, Trog's Hand, Brothers in Arms


You were on level 13 of the Dungeon.
You worshipped Trog.
Trog was extremely pleased with you.
You visited 1 branch of the dungeon, and saw 13 of its levels.
You visited the Abyss 1 time.
You also visited: Sewer.

You collected 787 gold pieces.
You spent 607 gold pieces at shops.

Inventory:

Hand Weapons
 z - a +2 war axe of electrocution (weapon)
 A - a +0 broad axe
Armour
 b - a +0 pair of boots (worn)
 j - a +2 chain mail of cold resistance (worn)
 E - a +0 kite shield (worn)
 M - a scarf of invisibility (worn)
Jewellery
 g - a ring of protection from fire (right hand)
 y - a ring of willpower (left hand)
 B - an amulet of regeneration (around neck)
Wands
 a - a wand of flame (38)
 o - a wand of polymorph (9) (quivered)
 t - a wand of iceblast (22)
 C - a wand of acid (3)
 D - a wand of mindburst (8)
Scrolls
 d - a scroll of silence
 k - 3 scrolls of enchant weapon
 p - 2 scrolls of magic mapping
 r - a scroll of enchant armour
 u - a scroll of teleportation
 v - a scroll of holy word
 x - 5 scrolls of fear
 G - a scroll of fog
 J - a scroll of noise
Potions
 e - 2 potions of attraction {unknown}
 f - 2 potions of resistance {unknown}
 h - a potion of flight {unknown}
 i - 4 potions of mutation {unknown}
 l - 2 potions of might
 m - a potion of berserk rage {unknown}
 n - a potion of brilliance {unknown}
 q - a potion of degeneration {unknown}
 w - 7 potions of curing
 F - a potion of heal wounds
 I - a potion of lignification {unknown}
 K - a potion of invisibility {unknown}
Miscellaneous
 H - a piece from Xom's chessboard (15/15)


   Skills:
 + Level 7.7 Fighting
 * Level 15.6 Axes
 * Level 12.9 Armour
 + Level 3.8 Dodging
 + Level 1.4 Stealth
 + Level 2.4 Shields
 * Level 7.0 Evocations


You had 11 spell levels left.
You didn't know any spells.
Your spell library was empty.

Dungeon Overview and Level Annotations

Branches:
Dungeon (13/15)            Temple (0/1) D:6            Lair (0/6) D:9
    Orc (0/2) D:10          Sewer (visited)
 Vaults: D:13-14

Altars:
Ashenzari
Gozag
Kikubaaqudgha
Makhleb
Qazlal
Trog
Uskayaw
Wu Jian
Xom

Shops:
D:5 :   D:6 !!   D:10 *(

Annotations:
D:5 2 transporters, cbfl8's ghost, novice MiFi
D:12 2 transporters


Innate Abilities, Weirdness & Mutations

You have a pair of horns on your head.
You reflexively headbutt those who attack you in melee.


Message History

No target in view!
A yaktaur comes into view.
The yaktaur shouts!
You hear an angry buzzing noise.
The yaktaur wields a +1 arbalest of flaming.
It bursts into flame!
The yaktaur shoots a bolt.
The bolt barely misses you.
A vampire mosquito comes into view.
The yaktaur shoots a bolt.
The bolt hits you! The bolt burns you.
The yaktaur shoots a bolt.
You block the bolt.
You hear a shout!
You hear a shout!
A centaur warrior comes into view.
A cyclops comes into view.
The vampire mosquito barely misses you.
You hit the vampire mosquito.
The vampire mosquito is lightly damaged.
The vampire mosquito bites you but does no damage.
The centaur warrior wields a +0 shortbow.
The centaur warrior shoots an arrow.
The arrow hits you!
You slice the vampire mosquito!!
Lightning courses through the vampire mosquito!
You destroy the vampire mosquito!
Trog accepts your kill.
The centaur warrior shoots an arrow.
The arrow hits you but does no damage.
The yaktaur shoots a bolt.
The bolt hits you!! The bolt burns you.
You are too injured to fight recklessly!
The centaur warrior shoots an arrow.
The arrow hits you.
The yaktaur shoots a bolt.
The bolt completely misses you.
The centaur warrior shoots an arrow.
You block the arrow.
The yaktaur shoots a bolt.
The bolt hits you!
* * * LOW HITPOINT WARNING * * *
The bolt burns you.
* * * LOW HITPOINT WARNING * * *
The yaktaur shoots a bolt.
The bolt hits you!
* * * LOW HITPOINT WARNING * * *
The bolt burns you.
* * * LOW HITPOINT WARNING * * *
The centaur warrior shoots an arrow.
You block the arrow.
The centaur warrior shoots an arrow.
The arrow hits you!!
* * * LOW HITPOINT WARNING * * *
The yaktaur shoots a bolt.
The bolt hits you!
You die...

..........# #...<...#.
..........# #.......C
#########.# #.......# #
#.# #......c# # #.#
#....c..# # #.#
#.......# #########.#
#.......#
..........######†......#
.............^..@.....##
......................#
........#####.#######.#
........# #.# .#
........# #.# .#
........# #.# ..
........# #.# .
######### ###


You could see a centaur warrior, a cyclops and a yaktaur.

Vanquished Creatures
  3 two-headed ogres
  A wretched star (Abyss:2)
  An ugly thing (D:11)
  2 manticores
  A gargoyle (D:11)
  An unseen horror (D:12)
  A kobold demonologist (D:9)
  A freezing wraith (D:12)
  2 trolls (D:10)
  8 slime creatures (D:12)
  A raiju (D:7)
  2 shadows (D:12)
  2 wraiths
  7 yaks
  A human (D:12)
  A ynoxinul (Abyss:2)
  A hog (D:12)
  2 steam dragons
  4 vampire mosquitoes
  Menkaure (D:5)
  An acid dragon (D:9)
  2 water moccasins
  An ice beast (D:6)
  A hornet zombie (D:4)
  5 orc warriors
  2 sky beasts
  2 black bears
  3 necrophages
  10 centaurs
  3 ogres (D:10)
  5 kobold brigands
  7 gnoll sergeants
  A water moccasin zombie (D:6)
  A wyvern zombie (D:7)
  2 bullfrogs
  A wyvern skeleton (D:6)
  6 killer bees (D:9)
  2 electric eels (D:6)
  9 wights
  3 howler monkeys
  A small abomination (Abyss:1)
  6 centaur zombies
  3 hounds
  A bullfrog skeleton (D:4)
  2 centaur skeletons (D:6)
  4 orc priests
  A jelly (D:5)
  Terence (D:3)
  2 iguanas
  8 orc wizards
  2 killer bee zombies
  2 howler monkey zombies
  11 adders
  14 gnolls
  3 river rats (Sewer)
  3 shadow imps
  A white imp (D:6)
  An adder zombie (D:5)
  2 worms (D:3)
  34 orcs
  5 bats
  10 endoplasms
  6 giant cockroaches
  6 goblins
  5 hobgoblins
  4 jackals
  6 quokkas
  9 ball pythons
  12 frilled lizards
  17 kobolds
  19 rats
  A bush (D:5)
312 creatures vanquished.

Vanquished Creatures (collateral kills)
  A boulder beetle (D:10)
  A centaur zombie (Abyss:2)
2 creatures vanquished.

Vanquished Creatures (others)
  An orc wizard (D:6)
  A kobold (D:8)
  5 fungi (D:10)
7 creatures vanquished.

Grand Total: 321 creatures vanquished

Notes
Turn   | Place    | Note
-------+----------+-------------------------------------------
     0 | D:1      | cbfl8 the Minotaur Berserker began the quest for the Orb.
     0 | D:1      | Reached XP level 1. HP: 19/19 MP: 0/0
   175 | D:1      | Reached XP level 2. HP: 18/27 MP: 1/1
   403 | D:1      | Reached skill level 4 in Axes
   645 | D:1      | Reached skill level 1 in Evocations
   645 | D:1      | Reached XP level 3. HP: 27/33 MP: 2/2
   802 | D:1      | Reached ** piety under Trog
  1292 | D:2      | Reached XP level 4. HP: 40/40 MP: 3/3
  1530 | D:2      | Found a faded altar of an unknown god.
  1610 | D:2      | Reached skill level 5 in Axes
  1823 | D:3      | Noticed Terence
  1833 | D:3      | Killed Terence
  2161 | D:3      | Found an ornate altar of the Wu Jian Council.
  2291 | D:3      | Reached XP level 5. HP: 46/46 MP: 4/4
  2355 | D:3      | Found a glowing drain.
  2359 | Sewer    | Entered a sewer
  2372 | Sewer    | Reached *** piety under Trog
  2639 | Sewer    | Reached skill level 6 in Axes
  3380 | D:3      | Reached XP level 6. HP: 38/52 MP: 5/5
  3386 | D:3      | Reached **** piety under Trog
  3620 | D:3      | Found an ancient bone altar of Kikubaaqudgha.
  4253 | D:4      | Found a burning altar of Makhleb.
  4319 | D:4      | Reached skill level 5 in Armour
  4466 | D:4      | Reached skill level 7 in Axes
  4466 | D:4      | Reached XP level 7. HP: 54/60 MP: 6/6
  5004 | D:5      | Entered Level 5 of the Dungeon
  5008 | D:5      | Found Ypofub's Book Boutique.
  5012 | D:5      | Noticed Menkaure
  5022 | D:5      | Killed Menkaure
  5346 | D:5      | Found a broken altar of Ashenzari.
  5387 | D:5      | Found a transporter.
  5552 | D:5      | Found a bloodstained altar of Trog.
  5649 | D:5      | Noticed cbfl8's ghost (novice MiFi)
  5767 | D:5      | Found a transporter.
  5797 | D:5      | Reached skill level 8 in Axes
  6520 | D:6      | Reached XP level 8. HP: 67/67 MP: 7/7
  6965 | D:6      | Found Kaopn's Distillery.
  7022 | D:6      | Reached skill level 9 in Axes
  7077 | D:6      | Bought a potion of heal wounds for 60 gold pieces
  7077 | D:6      | Bought a potion of curing for 36 gold pieces
  7166 | D:6      | Found a staircase to the Ecumenical Temple.
  7465 | D:6      | Reached skill level 5 in Fighting
  7989 | D:6      | Found Wuogam's Distillery.
  8000 | D:6      | Reached XP level 9. HP: 20/74 MP: 8/8
  8372 | D:6      | Bought 2 potions of might for 104 gold pieces
  8372 | D:6      | Bought a potion of heal wounds for 65 gold pieces
  8753 | D:7      | Reached skill level 10 in Axes
  9445 | D:7      | Found an opulent altar of Gozag.
  9526 | D:7      | Cast into level 1 of the Abyss (gnoll)
  9604 | Abyss:1  | Noticed a worldbinder
  9609 | Abyss:1  | Noticed a merfolk aquamancer
  9610 | Abyss:1  | Noticed a rakshasa
  9613 | Abyss:1  | Found a corrupted altar of Lugonu.
  9621 | Abyss:1  | Found a burning altar of Makhleb.
  9719 | Abyss:2  | Noticed a tentacled starspawn
  9727 | Abyss:2  | Noticed a wretched star
  9736 | Abyss:2  | Killed a wretched star
  9762 | D:7      | Escaped the Abyss
 10341 | D:8      | Reached skill level 1 in Stealth
 10387 | D:8      | Reached skill level 11 in Axes
 10560 | D:8      | HP: 4/88 [shadow imp (2)]
 10561 | D:8      | Reached skill level 10 in Armour
 11120 | D:8      | Noticed a two-headed ogre
 11128 | D:8      | HP: 1/88 [two-headed ogre/+0 giant spiked club (20)]
 11129 | D:8      | Killed a two-headed ogre
 11130 | D:8      | Reached XP level 10. HP: 1/83 MP: 9/9
 12016 | D:9      | Reached skill level 12 in Axes
 12021 | D:9      | Reached skill level 5 in Evocations
 12292 | D:9      | Found a shimmering altar of Xom.
 12292 | D:9      | Found a stormy altar of Qazlal.
 12295 | D:9      | Found a hide-covered altar of Uskayaw.
 12300 | D:9      | Found a staircase to the Lair.
 12646 | D:10     | Entered Level 10 of the Dungeon
 12666 | D:10     | Noticed a boulder beetle
 12678 | D:10     | Killed a boulder beetle
 12679 | D:10     | Reached skill level 13 in Axes
 13028 | D:10     | Identified the amulet of Midwinter {RegenMP rElec SInv}
 13183 | D:10     | Found a staircase to the Orcish Mines.
 13389 | D:10     | Found Ilakh's Assorted Antiques.
 13393 | D:10     | Bought a scroll of identify for 76 gold pieces
 13393 | D:10     | Bought a scroll labelled IHUXUCVISOR for 38 gold pieces
 13393 | D:10     | Bought a scroll labelled QUORPHE QIOD for 38 gold pieces
 13393 | D:10     | Bought a dented jade amulet for 190 gold pieces
 13589 | D:10     | Found Umiugiyl's Antique Weapon Shop.
 13648 | D:10     | Reached XP level 11. HP: 79/91 MP: 10/10
 14259 | D:11     | Noticed a two-headed ogre
 14263 | D:11     | Reached skill level 14 in Axes
 14272 | D:11     | Killed a two-headed ogre
 14796 | D:11     | Noticed a cyan ugly thing
 14805 | D:11     | Killed a cyan ugly thing
 14806 | D:11     | Reached skill level 1 in Shields
 15092 | D:12     | Reached skill level 15 in Axes
 15148 | D:12     | Reached ***** piety under Trog
 15291 | D:12     | Found a transporter.
 15291 | D:12     | Noticed a boulder beetle
 15292 | D:12     | Found a transporter.
 15292 | D:12     | Noticed a boulder beetle
 15374 | D:12     | Noticed a two-headed ogre
 15383 | D:12     | Killed a two-headed ogre
 15581 | D:12     | Noticed an eight-headed hydra
 15963 | D:12     | Noticed a boulder beetle
 16632 | D:13     | Noticed a death knight
 16632 | D:13     | Noticed a skeletal warrior
 16635 | D:13     | Noticed a centaur warrior
 16777 | D:13     | Noticed a tengu warrior
 16788 | D:12     | Reached XP level 12. HP: 52/101 MP: 11/11
 16939 | D:13     | Noticed a centaur warrior
 16945 | D:13     | HP: 3/101 [centaur warrior/arrow (18)]
 16945 | D:13     | Shot with a bolt by a yaktaur

Illustrated notes

Levels and vault maps discovered:
D:1:      lordsloth_arrival_two_stooges, layout_rooms
D:2:      layout_basic, basic_ecumenical_altar, chequers_serial_rivers_small_b,
          corexii_hall_statues_s, hangedman_feature_mirror, minmay_circle_x
D:3:      layout_loops_corners, nicolae_wu_jian_immortal_techniques,
          nicolae_overflow_hidden_temple, gup_sewer_entry_spiral,
          minmay_misc_feat_tiny, lemuel_old_faithful, uniq_terence
D:4:      layout_basic, bloody_makhleb, item_on_display_a
D:5:      layout_cave_pods, mainiacjoe_overflow_catch_the_wave, serial_shops,
          shop, gammafunk_ghost_stat_death, uniq_menkaure
D:6:      layout_basic, minmay_temple_entry_drinking_statues, serial_shops,
          nicolae_shop_window_shopping, kennysheep_diamond
D:7:      layout_basic, mainiacjoe_overflow_tiny_flanked
D:8:      layout_gridville
D:9:      layout_rooms, chequers_temple_overflow_statue_of_worship,
          lair_entry_dummy, chequers_serial_rivers_small_a
D:10:     layout_loops_cross, kennysheep_orc_monster_closet_entryway,
          serial_shops, nicolae_shop_advertising_works
          [nicolae_subvault_shop_adworks], shop, fungi_pond_lemuel,
          st_stairs_14, solitary_fountain
D:11:     layout_loops_ring
D:12:     gammafunk_boulding_lane, layout_loops_ring, grunt_livestock
D:13:     layout_small_grid, kennysheep_generic_room_16

Skill      XL: |  1  2  3  4  5  6  7  8  9 10 11 12 |
---------------+-------------------------------------+-----
Axes           | 4 5 6 7 8 9 11 13 15 | 15.6
Evocations     | 1 2 3 4 5 6 7 |  7.0
Armour         | 3 4 5 6 8 10 11 12 | 12.9
Fighting       | 4 5 6 7 |  7.7
Dodging        | 3 |  3.8
Stealth        | 1 |  1.4
Shields        | 2 |  2.4

Action                   |  1- 3 |  4- 6 |  7- 9 | 10-12 || total
-------------------------+-------+-------+-------+-------++-------
Melee: Hand axe          |   100 |   205 |   264 |       ||   569
       Headbutt          |    13 |    35 |    92 |    66 ||   206
       Punch             |       |     1 |     9 |     1 ||    11
       War axe           |       |       |    97 |   303 ||   400
Invok: Berserk           |       |       |    12 |     4 ||    16
       Trog's Hand       |       |       |     2 |       ||     2
       Brothers in Arms  |       |       |     1 |     2 ||     3
Evoke: Wand              |       |       |     6 |     2 ||     8
  Use: Scroll            |     2 |     1 |     8 |     8 ||    19
       Potion            |       |       |     5 |       ||     5
Armor: Animal skin       |     4 |       |       |       ||     4
       Plate armour      |    58 |   114 |   163 |       ||   335
       Chain mail        |       |       |    37 |   191 ||   228
Dodge: Dodged            |    31 |    68 |   113 |   128 ||   340
Block: Buckler           |       |       |       |    11 ||    11
       Kite shield       |       |       |       |    79 ||    79
